[Event "*** SCC Grand Prix: Titled Tuesday Blitz"]
[Site "Chess.com"]
[Date "2020.10.13"]
[Round "2"]
[White "redbaron8888"]
[Black "Cayse"]
[Result "0-1"]
[WhiteElo "2505"]
[BlackElo "2739"]
[TimeControl "180+1"]
[EndTime "10:18:24 PDT"]
[Termination "Cayse won by resignation"]

1. e4 e5 2. Nf3 Nc6 3. Bb5 a6 4. Ba4 Nf6 5. O-O Be7 6. Re1 b5 7. Bb3 d6 8. a4 b4 9. d3 Na5 10. Ba2 O-O 11. Nbd2 Be6 12. Bxe6 fxe6 13. d4 exd4 14.
Nxd4 Qd7 15. N2b3 Nxb3 16. Nxb3 e5 17. Bg5 Qc6 18. Na5 Qc5 19. Bxf6 Bxf6 20. Qd5+ Qxd5 21.
exd5 e4 22. Rxe4 Bxb2 23. Rb1 Bc3 24. Kf1 Rae8 25. Rxe8 Rxe8 26. Nc6 g5 27. f3 h5 28. h3 Kf7 29. Rb3 a5 30. Rb1 Kg6 31. g4 hxg4 32. hxg4 Kf6 33. Kf2 Rh8 34. Kg2 Re8 35. Kf2 Rh8 36.
Kg2 Kg6 37. Rh1 Re8 38. Kf2 Bf6 39. Re1 Rh8 40. Kg2 Kf7 41. Re4 Ra8 42. Rc4 Bc3 43. Nd4 Bxd4 44. Rxd4 Re8 45. Rc4 Re2+ 46. Kg3 Kf6 47.
Rxc7 Rd2 48. c3 b3 49. Rb7 b2 50. c4 Ke5 51. Rb6 Kd4 52. f4 gxf4+ 53. Kf3 Kxc4 54. g5 Kc3 55. g6 Rxd5 56. Kxf4 Rd1 57. Kf5 b1=Q+ 58.
Rxb1 Rxb1 59. Ke6 Rg1 60. Kxd6 Rxg6+ 61. Kc5 Rg4 62. Kb6 Kb3 63. Kxa5 Rxa4+ 64. Kb5 Rc4 0-1

[Event "*** SCC Grand Prix: Titled Tuesday Blitz"]
[Site "Chess.com"]
[Date "2020.10.13"]
[Round "2"]
[White "Das_Virus_2020"]
[Black "GoltsevDmitry2000"]
[Result "0-1"]
[WhiteElo "2401"]
[BlackElo "2683"]
[TimeControl "180+1"]
[EndTime "10:18:24 PDT"]
[Termination "GoltsevDmitry2000 won by resignation"]

1. e4 c5 2. c3 e6 3. d4 cxd4 4. cxd4 d5 5. e5 Nc6 6. Nf3 Nge7 7. Bd3 Nf5 8. Bxf5 exf5 9. O-O Be7 10. Nc3 Be6 11. Ne2 h6 12. a3 a6 13. b4 Rc8 14. Nf4 g5 15. Nh5 Rg8 16. Qd3 Nb8 17. Re1 Nd7 18. Nf6+ Nxf6 19. exf6 Bxf6 20. Qxf5 Kf8 21.
Qd3 Rc4 22. Ne5 Rc7 23. f4 Qc8 24. fxg5 Bxg5 25. Bxg5 Rxg5 26. Rf1 Rc2 27. g3 Kg8 28. Qf3 Qc7 29. Rae1 Rc3 30. Qf6 Rg7 31. Qxh6 Rxa3 32.
Rf4 Qc3 33. Ref1 Qe3+ 34. Kh1 Ra2 35. Rh4 Qxh6 36. Rxh6 Rb2 37. Rhf6 Rxb4 38. R6f4 Rh7 39. h4 Rb3 40. Kh2 Rg7 41. Rg1 a5 42. Nf3 a4 43.
Ng5 b5 44. Nxe6 fxe6 45. h5 a3 46. h6 Rg6 47. Rh4 Kh7 48. Rf1 Rxh6 49. Rf7+ Kg6 50. Rxh6+ Kxh6 51. Rf6+ Kg5 52. Rxe6 a2 53. Ra6 Rb2+ 54.
Kh3 b4 55. Ra5 b3 56. Rxd5+ Kf6 57. Ra5 Rb1 58. d5 a1=Q 0-1

[Event "*** SCC Grand Prix: Titled Tuesday Blitz"]
[Site "Chess.com"]
[Date "2020.10.13"]
[Round "2"]
[White "elohunter1999"]
[Black "Alexander_Zubov"]
[Result "1-0"]
[WhiteElo "2609"]
[BlackElo "2922"]
[TimeControl "180+1"]
[EndTime "10:18:25 PDT"]
[Termination "elohunter1999 won on time"]

1. e4 c5 2. Nf3 d6 3. d4 cxd4 4. Nxd4 Nf6 5. Nc3 a6 6. Bg5 Nbd7 7. Bc4 Qb6 8. Bb3 e6 9. Qd2 Be7 10. O-O-O Nc5 11. Rhe1 h6 12. Bh4 g5 13. Bg3 e5 14.
Nf5 Bxf5 15. exf5 Nxb3+ 16. axb3 Rc8 17. Kb1 Qc6 18. f3 b5 19. Re2 b4 20. Nd5 Nxd5 21.
Qxd5 Qxd5 22. Rxd5 f6 23. Re4 Rc5 24. Rxc5 dxc5 25.
Re2 Kd7 26. Rd2+ Kc6 27. c4 h5 28. Re2 Bd6 29. Re4 Rg8 30. h3 a5 31. Bf2 Ra8 32. Kc2 a4 33. Re1 axb3+ 34. Kxb3 g4 35. fxg4 hxg4 36. hxg4 Rh8 37. Bg3 Rg8 38. Re4 Ra8 39.
Bh4 Rf8 40. Bg3 Rh8 41. Kc2 Rh1 42. Kd3 Rb1 43. Kc2 Rg1 44. Re2 Rf1 45. Re4 Rg1 46. Re2 Rh1 47. Re1 Rh8 48. g5 Rh5 49. g6 Rxf5 50.
Bh4 Bf8 51. g4 Rf4 52. g5 fxg5 53. Bxg5 Rf5 54. Be3 Rf3 55. Kd3 Bg7 56. Rg1 Rh3 57. Ke4 Rh2 58. b3 Rb2 59. Rf1 Rxb3 60. Rf7 Bh8 61. Rh7 Bf6 62. Bg5 1-0

[Event "*** SCC Grand Prix: Titled Tuesday Blitz"]
[Site "Chess.com"]
[Date "2020.10.13"]
[Round "2"]
[White "SilviusTiberius"]
[Black "VincentKeymer"]
[Result "1/2-1/2"]
[WhiteElo "2572"]
[BlackElo "2839"]
[TimeControl "180+1"]
[EndTime "10:18:26 PDT"]
[Termination "Game drawn - insufficient material"]

1. e4 c6 2. d4 d5 3. exd5 cxd5 4. Bd3 Nf6 5. c3 Nc6 6. Bf4 Bg4 7. Qb3 Na5 8. Qa4+ Nc6 9. Nd2 e6 10. Ngf3 Bd6 11.
Bxd6 Qxd6 12. Ne5 O-O 13. f4 Bf5 14. Be2 Ne4 15. Nxe4 Bxe4 16. O-O Ne7 17. Rae1 f6 18. Ng4 Nf5 19. Bf3 Bd3 20. Be2 b5 21. Qd1 Bc4 22. b3 Bxe2 23. Qxe2 b4 24. Qxe6+ Qxe6 25. Rxe6 bxc3 26.
Rc1 Nxd4 27. Re3 Rfe8 28. Kf2 Rxe3 29. Nxe3 Rd8 30. Rxc3 Ne6 31. Nf5 g6 32. Ne7+ Kf8 33. f5 d4 34. Rc1 Kxe7 35. fxe6 Kxe6 36. Ke2 Kd5 37. Kd3 Re8 38. Rc7 Re3+ 39. Kd2 Re5 40. Rd7+ Ke4 41. Rxh7 a5 42. Rh4+ Kd5 43. Rh6 Rg5 44.
g3 Ke4 45. Rh4+ Kd5 46. Rf4 f5 47. Kd3 Rh5 48. Rxd4+ Kc5 49. Rh4 Rg5 50. Rh8 Rg4 51. Rc8+ Kb4 52. Rc4+ Ka3 53. Rxg4 fxg4 54. Kc3 Kxa2 55.
b4 axb4+ 56. Kxb4 Kb2 57. Kc4 Kc2 58. Kd4 Kd2 59. Ke4 Ke2 60. Kf4 Kf2 61. Kxg4 Kg2 62.
h4 Kh2 63. Kf4 Kh3 64. Kf3 Kh2 65. Kg4 Kg2 66. h5 gxh5+ 67. Kh4 Kh2 68. g4 hxg4 69. Kxg4 1/2-1/2

[Event "*** SCC Grand Prix: Titled Tuesday Blitz"]
[Site "Chess.com"]
[Date "2020.10.13"]
[Round "2"]
[White "zverr1"]
[Black "TorFredrikKaasen"]
[Result "0-1"]
[WhiteElo "2483"]
[BlackElo "2710"]
[TimeControl "180+1"]
[EndTime "10:18:26 PDT"]
[Termination "TorFredrikKaasen won by resignation"]

1. d4 Nf6 2. c4 e6 3. Nc3 Bb4 4. Nf3 b6 5. Bg5 h6 6. Bh4 Bb7 7. e3 d6 8. Bd3 Nbd7 9. O-O Bxc3 10.
bxc3 g5 11. Bg3 Ne4 12. Nd2 Nxd2 13. Qxd2 f5 14. d5 Nc5 15. dxe6 Qf6 16. Bc2 Qxe6 17. Qd4 O-O-O 18. a4 a5 19. Rfe1 Rhg8 20. f3 g4 21. f4 h5 22. Bh4 Rde8 23. Rad1 Qf7 24. Qf6 Qxf6 25. Bxf6 Be4 26. Bxe4 Nxe4 27. Bh4 Nxc3 28. Ra1 Re4 29. Rec1 Ne2+ 30. Kf2 Nxc1 31. Rxc1 Rge8 32. Rc3 Kb7 33. Bf6 Kc6 34. Bd4 Kd7 35. h4 c5 36.
Bf6 Kc6 37. Bg7 d5 38. cxd5+ Kxd5 39. Be5 c4 40. Rc1 R8xe5 41. fxe5 Rxe5 42. g3 Re6 43. Ke2 Kc5 44. Rb1 c3 45. Kd3 c2 46. Rb5+ Kc6 47.
Kxc2 Rxe3 48. Rxf5 Rxg3 49. Rxh5 Ra3 50. Rg5 Rxa4 51. h5 Rf4 52. h6 Rf2+ 53. Kb3 Rh2 54. Rg6+ Kb5 55. Rg5+ Ka6 56. Rg6 g3 57. Rxg3 Rxh6 58.
Rd3 Rh4 59. Rg3 a4+ 60. Ka3 Ka5 61. Rg8 Rh3+ 62. Ka2 b5 63. Rg2 a3 64. Rg8 Ka4 65.
Ra8+ Kb4 66. Rg8 Rh2+ 67. Ka1 Kb3 68. Rg3+ Ka4 69. Rg4+ b4 70. Rg3 Rh1+ 71. Ka2 b3+ 72.
Rxb3 Rh2+ 73. Rb2 Rxb2+ 74. Ka1 Rh2 0-1

[Event "*** SCC Grand Prix: Titled Tuesday Blitz"]
[Site "Chess.com"]
[Date "2020.10.13"]
[Round "2"]
[White "wannabe2700"]
[Black "sergeikim"]
[Result "1-0"]
[WhiteElo "2725"]
[BlackElo "2503"]
[TimeControl "180+1"]
[EndTime "10:18:27 PDT"]
[Termination "wannabe2700 won by resignation"]

1. e4 e5 2. Nf3 Nc6 3. Bb5 a6 4. Ba4 Nf6 5. O-O b5 6. Bb3 Bc5 7. c3 d6 8. d4 Bb6 9. h3 h6 10.
Be3 exd4 11. cxd4 O-O 12. Nc3 Bb7 13. Rc1 Re8 14. Nd5 Nxe4 15. Nxb6 cxb6 16. Bd5 Na5 17.
Bxb7 Nxb7 18. d5 b4 19. Nd4 Nbc5 20. Nc6 Qf6 21. Bd4 Qg5 22. Nxb4 a5 23. Be3 Qf6 24. Nc6 Qxb2 25. Rb1 Qxa2 26. Qd4 Qa4 27. Rxb6 Qxd4 28.
Nxd4 a4 29. Ra1 a3 30. Nb5 a2 31. Nc7 Rab8 32. Rxb8 Rxb8 33. Rxa2 Rb1+ 34. Kh2 Nd3 35. Ne8 Rb5 36. f3 Nc3 37. Ra3 Nxd5 38. Rxd3 Nxe3 39. Rxe3 Rd5 40. Nc7 Rc5 41. Re8+ Kh7 42. Re7 Kg6 43. Rd7 f6 44. Ne8 f5 45. Rxd6+ Kf7 46.
Rd8 Rc6 47. Ra8 g5 48. h4 f4 49. Kh3 Rc2 50. hxg5 hxg5 51. Nd6+ Ke6 52. Ne4 Kf5 53. Ra5+ Kg6 54. Rxg5+ Kh6 55. Rg4 Rc1 56. Rxf4 Kh5 57. Kg3 Kg6 58. Rh4 Kf5 59. Rg4 Ke5 60. Rg5+ Ke6 61. Kf4 Rc4 62. g4 Ra4 63. Rf5 1-0

[Event "*** SCC Grand Prix: Titled Tuesday Blitz"]
[Site "Chess.com"]
[Date "2020.10.13"]
[Round "2"]
[White "PowerThinking2650"]
[Black "vovachesss"]
[Result "0-1"]
[WhiteElo "2377"]
[BlackElo "2677"]
[TimeControl "180+1"]
[EndTime "10:18:27 PDT"]
[Termination "vovachesss won by checkmate"]

1. e4 c6 2. d4 g6 3. Nc3 Bg7 4. f4 d5 5. e5 h5 6. Nf3 Nh6 7. Bd3 Bf5 8. O-O e6 9. Be3 O-O 10. h3 Nd7 11. Ne2 b6 12. b3 c5 13.
c4 dxc4 14. Bxc4 cxd4 15. Nexd4 Nc5 16. Nxf5 Nxf5 17. Bf2 Qe7 18. g4 hxg4 19. hxg4 Nh6 20. Ng5 Bxe5 21. Qf3 Rad8 22. Rae1 Bg7 23. Kg2 Rd2 24.
Re2 Rfd8 25. Rh1 Rxe2 26. Qxe2 Qb7+ 27. Kg1 Qc7 28. Bg3 Qd6 29. Kf2 Qd4+ 30. Kg2 Qc3 31. Rd1 Rxd1 32. Qxd1 Qd4 33. Qf3 Qd2+ 34. Kh3 Nd7 35.
Qa8+ Bf8 36. Qf3 Nf6 37. Ne4 Nxe4 38. Qxe4 Qd1 39. Be2 Qd7 40. Bd3 f5 41. gxf5 gxf5 42. Qe5 Ng4 43. Qc3 Qh7+ 44. Kg2 Qb7+ 45. Kg1 Bc5+ 46.
Kf1 Qf3+ 47. Ke1 Qxg3+ 48. Kd2 Qf2+ 49. Kc1 Qe3+ 50. Kc2 Qf2+ 51. Kb1 Ne3 52. Bc4 Qg1+ 53.
Kb2 Nd1+ 54. Kc2 Nxc3 55. Bxe6+ Kg7 56. Bxf5 Qd4 57. Bd3 Nd5 58. f5 Nb4+ 59. Kd2 Qxd3+ 60. Ke1 Qc2 61. Kf1 Nd3 62. f6+ Kf7 63. b4 Qf2# 0-1

[Event "*** SCC Grand Prix: Titled Tuesday Blitz"]
[Site "Chess.com"]
[Date "2020.10.13"]
[Round "2"]
[White "teacher4chess"]
[Black "zmeeed67"]
[Result "1-0"]
[WhiteElo "2018"]
[BlackElo "2355"]
[TimeControl "180+1"]
[EndTime "10:18:29 PDT"]
[Termination "teacher4chess won by resignation"]

1. d4 Nc6 2. c4 e5 3. d5 Nce7 4.
e4 Ng6 5. g3 Bc5 6. h4 h6 7. h5 Nf8 8. Qg4 Qf6 9. Qf3 d6 10.
Nc3 a6 11. Bd2 Nh7 12. Bh3 Ne7 13. Qxf6 Nxf6 14. Bxc8 Rxc8 15. Ke2 O-O 16. a3 Nd7 17. g4 Nf6 18. g5 hxg5 19. Bxg5 Rce8 20. Bxf6 gxf6 21.
Nf3 Kh7 22. Rag1 Rg8 23. Nh4 Rg5 24. Rxg5 fxg5 25. Nf3 Kh6 26. b4 Ba7 27. Nd1 f5 28. Ne3 Bxe3 29. Kxe3 f4+ 30. Ke2 g4 31. Nd2 Kg5 32.
c5 Rh8 33. cxd6 cxd6 34. Nc4 Rh6 35. a4 Nc8 36. Na5 b5 37. axb5 axb5 38. Rc1 Nb6 39. Rc6 Nc4 40. Nxc4 bxc4 41. Rxc4 Kxh5 42. b5 Kh4 43. b6 Rh8 44. Rc6 Rd8 45. b7 Rb8 46. Rxd6 Rxb7 47. Rh6+ Kg5 48. Re6 Rb2+ 49. Ke1 f3 50.
Rxe5+ Kf4 51. Re8 Rb1+ 52. Kd2 Rb2+ 53. Ke1 Re2+ 54. Kf1 Rxe4 55. Rxe4+ Kxe4 56. d6 g3 57. fxg3 1-0

[Event "*** SCC Grand Prix: Titled Tuesday Blitz"]
[Site "Chess.com"]
[Date "2020.10.13"]
[Round "2"]
[White "Jospem"]
[Black "gurelediz"]
[Result "1-0"]
[WhiteElo "2950"]
[BlackElo "2595"]
[TimeControl "180+1"]
[EndTime "10:18:30 PDT"]
[Termination "Jospem won by resignation"]

1. e4 c5 2. Nf3 e6 3. d4 cxd4 4. Nxd4 Nc6 5. Nb5 d6 6. c4 Nf6 7.
N1c3 a6 8. Na3 Be7 9. Be2 O-O 10. O-O Bd7 11. Be3 Rc8 12. Qd2 Ne5 13. f3 Bc6 14. Rfd1 Qc7 15. Rac1 Qb8 16. Qe1 Rfd8 17. Qg3 Ng6 18.
Bb6 Rd7 19. Nc2 d5 20. Qxb8 Rxb8 21. exd5 exd5 22. c5 Nh5 23. g3 Re8 24. Nd4 Bg5 25. f4 Nhxf4 26. gxf4 Bxf4 27. Rc2 Be3+ 28. Kh1 Nf4 29.
Nxc6 bxc6 30. Bf3 Rde7 31. Rf1 Nd3 32. Bxd5 cxd5 33. Nxd5 Re5 34. Nxe3 Rxe3 35. c6 Re1 36. Rxe1 Rxe1+ 37. Kg2 Re8 38. Rd2 Nf4+ 39. Kg3 Ne6 40. c7 Kf8 41. Rd8 Rxd8 42. cxd8=Q+ Nxd8 43. Bxd8 Ke8 44. Ba5 Kd7 45. Kf4 Ke6 46. Bc3 f6 47. b4 g6 48. a4 h6 49. b5 axb5 50. axb5 f5 51. h4 Kd5 52. Bd4 Kd6 53. Be3 Kd5 54. Kf3 g5 55. h5 g4+ 56. Kg3 Ke4 57. Bxh6 Kd5 58. Bf4 Kc5 59. h6 Kxb5 60. h7 1-0

[Event "*** SCC Grand Prix: Titled Tuesday Blitz"]
[Site "Chess.com"]
[Date "2020.10.13"]
[Round "2"]
[White "VerdeNotte"]
[Black "WildBizon"]
[Result "0-1"]
[WhiteElo "2823"]
[BlackElo "2592"]
[TimeControl "180+1"]
[EndTime "10:18:32 PDT"]
[Termination "WildBizon won by resignation"]

1. c4 Nf6 2. g3 c6 3. Bg2 d5 4. Nf3 g6 5. b3 Bg7 6. Bb2 O-O 7. O-O Bg4 8. d3 Bxf3 9. Bxf3 Nbd7 10. cxd5 cxd5 11. e3 e6 12. Nd2 Ne8 13. d4 Nd6 14. Ba3 Nf6 15. Rc1 Re8 16. Rc2 Bf8 17. Qe2 Qd7 18. Rfc1 Rac8 19. Nb1 Rxc2 20. Rxc2 Rc8 21.
Qd1 Rxc2 22. Qxc2 Qc8 23. Qxc8 Nxc8 24. Bc1 Bb4 25. a3 Ba5 26. g4 Nd6 27. Be2 Nfe4 28.
f3 Nc3 29. Nxc3 Bxc3 30. Kf2 b5 31. Bd3 a5 32. Ke2 b4 33. a4 f5 34. g5 Kg7 35.
Kf2 h6 36. gxh6+ Kh7 37. Kg3 Nf7 38. Ba6 Nxh6 39. Bc8 e5 40. Be6 f4+ 41. Kf2 fxe3+ 42. Kxe3 Nf5+ 43. Bxf5 Bxd4+ 44. Kd3 gxf5 45. f4 Kg6 46. h3 Kf6 47. fxe5+ Kxe5 48. Bh6 Bb6 49. h4 f4 50. h5 f3 51. Bd2 Kf5 52. Bc1 Kf6 53. Bf4 Kg7 54. Kd2 Kf7 55. Ke1 Ke6 56. Kd2 Kf5 57. Bd6 Kg5 58. Kd3 Kxh5 59. Kd2 Kg4 60.
Ke1 Kf5 61. Kd2 Ke4 62. Bg3 Be3+ 63. Kd1 d4 64. Bh4 d3 65. Ke1 Kd4 66. Bf6+ Ke4 67.
Bd8 f2+ 68. Kf1 d2 69. Ke2 d1=Q+ 0-1

[Event "*** SCC Grand Prix: Titled Tuesday Blitz"]
[Site "Chess.com"]
[Date "2020.10.13"]
[Round "2"]
[White "abhidabhi"]
[Black "draksbg"]
[Result "1-0"]
[WhiteElo "2765"]
[BlackElo "2521"]
[TimeControl "180+1"]
[EndTime "10:18:37 PDT"]
[Termination "abhidabhi won by checkmate"]

1. e4 c5 2. Nc3 Nc6 3. Bb5 d6 4.
Bxc6+ bxc6 5. f4 g6 6. d3 Bg7 7. Nf3 f6 8. e5 Nh6 9. Qe2 O-O 10. Bd2 Nf5 11. h4 Ng3 12. Qe3 Nxh1 13. Ne2 fxe5 14.
fxe5 Bg4 15. O-O-O Bxf3 16. gxf3 Bxe5 17. Rxh1 Qd7 18.
h5 Qf5 19. hxg6 hxg6 20. f4 Bg7 21.
Ng3 Qd5 22. Bc3 Rae8 23. Bxg7 Kxg7 24. f5 Rh8 25. Rg1 Qd4 26. Qe1 Qf4+ 27. Kb1 Qe5 28. Qc1 Reg8 29. a3 Kf8 30. f6 exf6 31. Ne4 Kg7 32. Qf1 c4 33. Qg2 Kf7 34. dxc4 Rh4 35. Nd2 Rh2 36. Qxc6 Rxd2 37. Qd7+ Qe7 38. Qc6 Re2 39.
Ka2 Re8 40. Rh1 Kg7 41. Qf3 Re3 42. Qf2 Qe6 43. Qh4 Rg8 44. Qh7+ Kf8 45. Qc7 Qe7 46. Qc8+ Kg7 47. Qg4 Re4 48. Qh3 Kf7 49. Qd3 Re6 50. Qd5 Kg7 51. Qd2 g5 52. Qd3 Re4 53. Qd5 Qe6 54. Qb7+ Kg6 55. Qh7# 1-0

[Event "*** SCC Grand Prix: Titled Tuesday Blitz"]
[Site "Chess.com"]
[Date "2020.10.13"]
[Round "2"]
[White "bait_or_mate"]
[Black "gm_rashid"]
[Result "1-0"]
[WhiteElo "2519"]
[BlackElo "2301"]
[TimeControl "180+1"]
[EndTime "10:18:37 PDT"]
[Termination "bait_or_mate won on time"]

1. d4 d5 2. c4 e6 3. Nf3 Nf6 4. g3 Be7 5. Bg2 O-O 6. O-O c6 7. Qc2 a5 8. Nbd2 Na6 9. a3 b6 10. e4 Bb7 11. e5 Nd7 12. cxd5 cxd5 13. Qd3 Nc7 14. Re1 b5 15. h4 b4 16. Nf1 Ba6 17.
Qd1 Bxf1 18. Bxf1 bxa3 19. bxa3 Nb6 20. Bd3 h6 21. Bf4 Nc4 22. a4 Re8 23. Qc2 Bb4 24. Rec1 Rc8 25. Bxc4 dxc4 26. Qxc4 Nd5 27. Qxc8 Qxc8 28.
Rxc8 Rxc8 29. Bd2 Rc2 30. Be1 Kf8 31. Kf1 Ke7 32. Kg1 Kd7 33. Kf1 Kc6 34. Kg1 Nc3 35.
Bxc3 Rxc3 36. Kg2 Kd5 37. g4 Ke4 38. Re1+ Kf4 39. Nd2 Kxg4 40. Re4+ Kf5 41. Re2 Rc2 42. Nc4 Rxe2 43. Kf3 Rc2 44. Ne3+ Kg6 45. Nxc2 Kh5 46. Kg3 Bc3 47. Kh3 g5 48. hxg5 Kxg5 49. Kg3 h5 50.
f4+ Kf5 51. Kf3 Bd2 52. d5 exd5 53. Nd4+ Kg6 54. Nc6 Kg7 55. Nd4 h4 56. f5 1-0

[Event "*** SCC Grand Prix: Titled Tuesday Blitz"]
[Site "Chess.com"]
[Date "2020.10.13"]
[Round "2"]
[White "PauloCesarCosta_sad"]
[Black "Ave_Mariia"]
[Result "0-1"]
[WhiteElo "2271"]
[BlackElo "2489"]
[TimeControl "180+1"]
[EndTime "10:18:37 PDT"]
[Termination "Ave_Mariia won on time"]

1. Nf3 c5 2. c4 Nc6 3. g3 g6 4.
Bg2 Bg7 5. O-O e6 6. Nc3 Nge7 7. d3 O-O 8. Bd2 d5 9. Qc2 d4 10. Ne4 b6 11. a3 f5 12. Neg5 h6 13. Nh3 e5 14. b4 e4 15. Ne1 Re8 16. b5 Ne5 17. dxe4 fxe4 18. Qxe4 Rb8 19. Bxh6 Bxh6 20. Qxe5 Bf5 21. Qf6 Bg7 22. Qg5 d3 23. Ra2 Qd7 24. Nf4 d2 25. Ned3 Qd4 26. Nd5 Nxd5 27. Bxd5+ Kh7 28. Qxd2 Be4 29. Bxe4 Qxe4 30. Nf4 Qxc4 31. a4 Rbd8 32. Qc2 Qf7 33. h4 Be5 34. h5 Bxf4 35. hxg6+ Qxg6 36. Qxg6+ Kxg6 37. gxf4 Kf5 38. e3 Rg8+ 39.
Kh2 Rg7 40. e4+ Kxe4 41. f3+ Kxf4 42. Rg2 Rh8+ 43. Kg1 Re7 44. Re2 Rxe2 45. a5 bxa5 46. b6 axb6 47. Rd1 Rg8+ 48. Kf1 Rgg2 49. Rd4+ Ke3 50.
Re4+ Kd2 51. Rd4+ Kc1 52. Rc4+ Rc2 53. Rxc2+ Rxc2 54. f4 a4 55. f5 Rc4 56. f6 Rf4+ 57.
Ke2 Rxf6 58. Kd3 a3 59. Kc4 a2 60. Kb5 a1=Q 61. Kc4 Qd4+ 62. Kb5 Qb4+ 63. Ka6 b5+ 64.
Kb7 Qe4+ 0-1

[Event "*** SCC Grand Prix: Titled Tuesday Blitz"]
[Site "Chess.com"]
[Date "2020.10.13"]
[Round "2"]
[White "davidkalashian"]
[Black "penguingm1"]
[Result "0-1"]
[WhiteElo "2566"]
[BlackElo "2854"]
[TimeControl "180+1"]
[EndTime "10:18:41 PDT"]
[Termination "penguingm1 won by resignation"]

1. d4 d5 2. Nf3 Nf6 3. c4 e6 4. Nc3 Be7 5. Bf4 O-O 6. e3 b6 7. Rc1 c5 8. dxc5 bxc5 9. cxd5 Nxd5 10. Nxd5 exd5 11. Be2 Qa5+ 12. Qd2 Qxa2 13. O-O Be6 14. Ne5 Qb3 15. Bf3 f6 16. Nd3 Nd7 17. Bg3 Bf7 18. Nf4 Nb6 19. Bg4 d4 20. exd4 Rad8 21. Qe2 Rfe8 22.
Be6 Bxe6 23. Qxe6+ Qxe6 24. Nxe6 Rc8 25. dxc5 Nd5 26. Rfd1 Nb4 27. h4 Rc6 28. Nc7 Rc8 29. Nd5 Nxd5 30. Rxd5 Bxc5 31. Rcd1 Bf8 32. Rd7 Ra8 33.
R1d3 Rb6 34. Rd2 Rb5 35. Kh2 a5 36. R7d5 Rb3 37. Rd7 a4 38. Rd8 Rxd8 39. Rxd8 Kf7 40. Ra8 Rb4 41. f3 Bc5 42. Be1 Rc4 43. Kh3 Bd4 44.
Rb8 Rc1 45. Rb4 Be5 46. Bg3 Rh1+ 47. Kg4 h5+ 48. Kxh5 Bxg3 49. Rxa4 g6+ 50. Kh6 Rxh4+ 51. Rxh4 Bxh4 52. b4 Bg5+ 53. Kh7 Bd2 54. b5 Be3 55. g4 g5 56. Kh6 Ke6 57. Kg6 Ke5 58. Kf7 Bd4 59.
Kg6 Kf4 60. b6 Bxb6 61. Kxf6 Be3 62. Kg6 Kxf3 63. Kh5 Kf4 64. Kh6 Kxg4 65. Kg6 Kf3 0-1

[Event "*** SCC Grand Prix: Titled Tuesday Blitz"]
[Site "Chess.com"]
[Date "2020.10.13"]
[Round "2"]
[White "Flopezin"]
[Black "Sashadav97"]
[Result "0-1"]
[WhiteElo "2309"]
[BlackElo "2590"]
[TimeControl "180+1"]
[EndTime "10:18:43 PDT"]
[Termination "Sashadav97 won by resignation"]

1. c4 e6 2. Nf3 d5 3. g3 dxc4 4. Qa4+ Bd7 5. Qxc4 c5 6. d4 b5 7. Qc2 Bc6 8. dxc5 Nd7 9. Be3 a5 10. Bg2 Rc8 11. O-O Bxc5 12. Bxc5 Bxf3 13. Bxf3 Rxc5 14.
Qd2 Ngf6 15. Rd1 O-O 16. Nc3 Qb6 17. Rac1 h6 18. Ne4 Nxe4 19. Bxe4 Nf6 20. Bf3 Rfc8 21. Rxc5 Qxc5 22. Qxa5 g5 23. Rd8+ Rxd8 24. Qxd8+ Kg7 25. Qd2 Qc4 26. b3 Qc5 27. a4 Qa3 28. Qc2 bxa4 29. bxa4 Kf8 30. h3 Kg7 31. Kg2 h5 32. Qd2 Qc5 33.
g4 hxg4 34. hxg4 Kh6 35. Qb2 Kg6 36. Qd2 Kh6 37. a5 Qc4 38. Qd3 Qa4 39. Qc3 Nxg4 40. Qh8+ Kg6 41. Qg8+ Kf6 42. Qd8+ Kf5 43. Qd3+ Ke5 44.
Qc3+ Kd6 45. a6 Ne5 46. Bb7 Qg4+ 47. Kf1 Qa4 48. Qd2+ Ke7 49. Qc3 Kf6 50. f4 gxf4 51.
Qc5 Qa1+ 52. Kf2 Qa2 53. a7 Ng4+ 54. Kf3 Ne5+ 55. Ke4 Qxe2+ 56. Kxf4 Qf1+ 57. Ke3 Qe1+ 58. Kd4 Qg1+ 59. Kc3 Qxc5+ 60. Kb3 Qxa7 0-1

[Event "*** SCC Grand Prix: Titled Tuesday Blitz"]
[Site "Chess.com"]
[Date "2020.10.13"]
[Round "2"]
[White "pedromartinez91"]
[Black "VMikhalevski"]
[Result "1-0"]
[WhiteElo "2519"]
[BlackElo "2710"]
[TimeControl "180+1"]
[EndTime "10:18:44 PDT"]
[Termination "pedromartinez91 won by resignation"]

1. d4 Nf6 2. Bf4 d5 3. e3 Bg4 4. Qc1 e6 5. c4 c6 6. Nd2 Nbd7 7. h3 Bh5 8. Ngf3 Be7 9. Be2 O-O 10. O-O Ne4 11. Qd1 f5 12. Ne5 Bxe2 13. Qxe2 Bf6 14. Nxe4 fxe4 15. Qg4 Qe7 16. b4 Bxe5 17. dxe5 Rf5 18.
cxd5 cxd5 19. Rac1 Nxe5 20. Bxe5 Rxe5 21. Qg3 Rg5 22.
Rc7 Qf6 23. Qd6 Rf8 24. Re7 Rg6 25. Rxb7 Qf3 26. Qxe6+ Rxe6 27. gxf3 Rg6+ 28. Kh2 Rxf3 29. Rxa7 Rh6 30. Kg2 Rfxh3 31. Rc1 Rh2+ 32. Kg3 R6h3+ 33. Kf4 Rxf2+ 34. Ke5 Rh5+ 35. Kd4 Rd2+ 36. Kc5 h6 37. Kb6 d4 38. exd4 Rxd4 39. b5 e3 40. Rcc7 Rg5 41. Re7 Rd3 42. a4 Rb3 43. Rac7 h5 44.
Rc8+ Kh7 45. Rce8 Rg3 46. Re5 Kg6 47. a5 h4 48. a6 h3 49. a7 Ra3 50. Rxe3 Rgxe3 51. Rxe3 Rxe3 52. a8=Q Kh7 53. Qh1 Re6+ 54. Kc5 Rh6 55.
b6 Rh5+ 56. Kc6 Rh6+ 57. Kc7 g5 58. b7 g4 59. b8=Q g3 60. Qbb1+ Kh8 61. Qb2+ Kh7 62. Qc2+ Kh8 63. Qc3+ Kh7 64. Qxg3 Rh5 65. Qhxh3 Rxh3 66. Qxh3+ Kg6 67. Qf3 Kg5 68. Kd6 Kg6 69. Qf4 Kh5 70. Qg3 Kh6 71. Ke6 1-0

[Event "*** SCC Grand Prix: Titled Tuesday Blitz"]
[Site "Chess.com"]
[Date "2020.10.13"]
[Round "2"]
[White "Chessalary"]
[Black "kleopl"]
[Result "1/2-1/2"]
[WhiteElo "2271"]
[BlackElo "2479"]
[TimeControl "180+1"]
[EndTime "10:18:45 PDT"]
[Termination "Game drawn by repetition"]

1. d4 Nf6 2. c4 g6 3. Nc3 d5 4.
cxd5 Nxd5 5. e4 Nxc3 6. bxc3 c5 7. Nf3 Bg7 8. Rb1 O-O 9. Be2 Nc6 10. d5 Na5 11. c4 b6 12. Bd2 Nb7 13. O-O e5 14.
Bc3 Qe7 15. a4 Nd6 16. Bd3 Bd7 17. a5 Rab8 18. axb6 axb6 19. Qd2 Rfc8 20. Qb2 f6 21. Ra1 b5 22. cxb5 c4 23. Bc2 Rxb5 24. Qa3 Rcb8 25. Nd2 Bf8 26. f4 Qe8 27. Qc1 Bg4 28. h3 Be2 29.
Re1 Bd3 30. Bxd3 cxd3 31. fxe5 fxe5 32. Nf3 Nf7 33. Qd2 Rb3 34. Rec1 Qb5 35. Nxe5 Nxe5 36. Bxe5 Re8 37. Qf4 Qb6+ 38. Kh1 Bb4 39. Rc7 Be7 40.
Rf1 Rf8 41. Rxe7 Rxf4 42. Rg7+ Kf8 43. Rxf4+ Ke8 44. Rg8+ Ke7 45. d6+ Kd7 46. Rf7+ Kc6 47. Rc8+ Kb5 48. d7 Rb1+ 49. Kh2 Qg1+ 50. Kg3 Qe1+ 51.
Kg4 Qxe4+ 52. Rf4 Qxg2+ 53. Kh4 g5+ 54. Kh5 gxf4 55. d8=Q Qg6+ 56. Kh4 Qg3+ 57. Kh5 Qg6+ 58. Kh4 Qg3+ 59. Kh5 Qg6+ 1/2-1/2

[Event "*** SCC Grand Prix: Titled Tuesday Blitz"]
[Site "Chess.com"]
[Date "2020.10.13"]
[Round "2"]
[White "Forantes"]
[Black "pirulillo"]
[Result "0-1"]
[WhiteElo "2437"]
[BlackElo "2254"]
[TimeControl "180+1"]
[EndTime "10:18:46 PDT"]
[Termination "pirulillo won by resignation"]

1. Nf3 Nf6 2. g3 g6 3. Bg2 Bg7 4.
O-O O-O 5. d4 d6 6. c4 c6 7. Nc3 Qa5 8. e4 e5 9. h3 exd4 10. Nxd4 Nbd7 11. Be3 Ne5 12. Qe2 c5 13. Ndb5 Be6 14. Nxd6 Qb6 15. Rfd1 Rfd8 16. f4 Rxd6 17. fxe5 Rxd1+ 18. Rxd1 Nd7 19. Nd5 Qa5 20. b3 Bxe5 21. Qf2 b6 22. g4 Bg7 23. g5 Bxd5 24. Rxd5 Ne5 25. Bf4 Re8 26. Bxe5 Bxe5 27. Bf3 Bd4 28. Rxd4 cxd4 29. Qxd4 Qxg5+ 30. Kf2 Qc5 31. Qxc5 bxc5 32. Kg3 Kg7 33. Kf4 Kf6 34. Bg4 h5 35. Bd7 Rd8 36. e5+ Ke7 37. Bc6 Rd2 38. Ke4 Rxa2 39. Kd5 Ra5 40. Bb5 g5 41. Kxc5 g4 42. hxg4 hxg4 43.
Kd4 g3 44. Bc6 Ra2 45. c5 g2 46.
Bxg2 Rxg2 47. Kd5 Rd2+ 48. Kc6 Rd3 49. b4 Rb3 50. b5 Ke6 51. b6 axb6 52. cxb6 Kxe5 53.
b7 Rxb7 54. Kxb7 f5 55. Kc6 Ke4 56. Kc5 f4 57. Kc4 Ke3 58. Kc3 f3 59. Kc2 Ke2 60.
Kc3 f2 61. Kd4 f1=Q 62. Ke5 Qf3 63. Kd6 Qe4 64. Kc5 Kd3 65. Kb6 Qd5 66. Kc7 Qe6 67.
Kb7 Qd6 68. Kc8 Qe7 69. Kb8 Qd7 0-1